Map: 중앙 프로토콜

Players

료윤이

  • Race: Terran Terran
  • League: Platinum

BepHblN - Winner!

  • Race: Protoss Protoss
  • League: Platinum

VOD

Have the link to the VOD?

Description

Time

  • Played on: Jan. 9, 2016, 2:18 a.m.
  • Length: 6:08
Show
View Real Time Build Order
Export as new Build Order

료윤이 Terran 

Build Orders:  

Get SALT Encoding   

  12  0:01  SCV  
  13  0:13  SCV  
  14  0:17  Supply Depot  
  14  0:25  SCV  
  15  0:38  SCV  
  15  0:41  Barracks  
  16  0:48  Refinery  
  16  0:50  SCV  
  17  1:02  SCV  
  18  1:15  SCV  
  19  1:28  Marine  
  19  1:31  SCV  
  21  1:39  Command Center  
  21  1:48  Orbital Command  
  20  2:08  Barracks Reactor  
  20  2:20  Factory  
  20  2:24  SCV  
  20  2:25  Refinery  
  20  2:29  Supply Depot  
  21  2:36  SCV  
  22  2:44  Marine  
  22  2:46  Barracks  
  22  2:51  Marine  
  24  2:55  SCV  
  25  3:04  Marine  
  25  3:06  Factory Tech Lab  
  25  3:07  SCV  
  25  3:09  Marine  
  27  3:16  Engineering Bay  
  27  3:17  Engineering Bay  
  27  3:23  Orbital Command  
  27  3:32  Widow Mine  
  29  3:34  Barracks Tech Lab  
  29  3:35  SCV  
  30  3:47  SCV  
  32  3:48  SCV  
  32  3:52  Bunker  
  32  3:55  Stimpack  
  32  3:59  Marine  
  32  4:00  SCV  
  32  4:13  Marine x2  
  28  4:28  SCV  
  29  4:32  Marine  
  29  4:33  Marine x2  
  29  4:38  SCV  
  32  4:40  SCV  
  33  4:50  Marine  
  33  4:51  Marine  
  33  4:52  SCV  
  36  4:57  Barracks  
  36  5:04  SCV  
  36  5:05  SCV  
  38  5:12  Starport  
  38  5:14  Siege Tank  
  41  5:15  Marine x2  
  41  5:16  SCV  
  41  5:17  SCV, Marine  
  46  5:38  Supply Depot  
  46  5:39  Supply Depot  
  46  5:41  Missile Turret  
  46  5:42  SCV  
  46  5:47  Marine x2  
  46  5:49  SCV, Marine  
  44  5:54  SCV  
Show
View Real Time Build Order
Export as new Build Order

BepHblN Protoss - Winner!

Build Orders: Nexus First 

Get SALT Encoding   

  12  0:01  Probe (Chrono Boost)  
  13  0:11  Probe (Chrono Boost)  
  14  0:19  Pylon  
  14  0:23  Probe (Chrono Boost)  
  15  0:38  Probe (Chrono Boost)  
  16  0:48  Probe (Chrono Boost)  
  17  1:01  Nexus  
  17  1:12  Gateway  
  17  1:17  Probe (Chrono Boost)  
  18  1:26  Gateway  
  18  1:30  Probe (Chrono Boost)  
  19  1:35  Assimilator  
  19  1:40  Probe (Chrono Boost)  
  19  1:43  Assimilator  
  20  1:51  Probe (Chrono Boost)  
  21  2:01  Probe (Chrono Boost)  
  21  2:12  Probe (Chrono Boost)  
  21  2:13  Probe (Chrono Boost)  
  23  2:16  Cybernetics Core  
  24  2:23  Probe (Chrono Boost)  
  24  2:24  Probe (Chrono Boost)  
  25  2:36  Probe (Chrono Boost)  
  26  2:37  Probe (Chrono Boost)  
  26  2:41  Pylon  
  27  2:47  Probe (Chrono Boost)  
  27  2:48  Probe (Chrono Boost)  
  29  2:57  Probe (Chrono Boost)  
  31  2:58  Probe (Chrono Boost)  
  31  3:01  Adept x2 (Chrono Boost)  
  31  3:03  Warp Gate  
  35  3:09  Mothership Core  
  35  3:10  Robotics Facility  
  38  3:12  Probe  
  38  3:25  Probe, Adept x2 (Chrono Boost)  
  43  3:30  Probe  
  44  3:35  Pylon  
  44  3:37  Probe  
  44  3:40  Assimilator  
  45  3:42  Probe, Assimilator  
  46  3:53  Probe, Adept x2 (Chrono Boost)  
  46  3:54  Probe  
  52  3:59  Warp Prism  
  54  4:22  Probe x2  
  54  4:27  Adept (Chrono Boost)  
  54  4:31  Gateway  
  54  4:32  Gateway  
  54  4:35  Pylon  
  54  4:36  Pylon  
  54  4:38  Gateway  
  54  4:39  Gateway  
  54  4:45  Pylon  
  54  4:53  Observer  
  54  4:58  Probe x2  
  57  5:06  Pylon  
  57  5:10  Probe  
  58  5:17  Observer  
  59  5:27  Adept x3  
  59  5:28  Adept  
  67  5:35  Probe x2  
  67  5:41  Adept x2  
  73  5:58  Adept x3  
  73  5:59  Adept  
Tags
 
Add a new tag
Caveats
  • Supply blocks, unpowered buildings, or Contaminate may cause inaccurate times.
  • Supply counts are checked every 10 seconds.